 Dungeon Crawl Stone Soup version 0.29-a0-340-g6efceafd81 (webtiles) character file.

Game seed: 7069891237125455141

33280 spaghetti the Spear-Bearer (level 13, -8/92 HPs)
             Began as an Octopode Fighter on Apr 20, 2022.
             Was the Champion of Qazlal.
             Collided with a crystal wall (9 damage)
             ... caused by a wretched star
             ... on level 2 of the Abyss.
             The game lasted 00:36:04 (18639 turns).

spaghetti the Spear-Bearer (Octopode Fighter)      Turns: 18639, Time: 00:36:05

Health: -8/92      AC:  8    Str: 15 (17) XL:     13   Next: 70%
Magic:  6/23       EV: 25    Int:  9 (11) God:    Qazlal [******]
Gold:   907        SH:  8    Dex: 24      Spells: 2/14 levels left

rFire   . . .      SeeInvis .   c - +6 scythe (freeze) {polearm}
rCold   . . .      Faith    .   (shield currently unavailable)
rNeg    . . .      Spirit   .   (helmet restricted)
rPois   .          Reflect  .   u - amulet of the acrobat
rElec   .          Harm     .   j - ring of magical power
rCorr   .          Rampage  .   o - ring of wizardry
Will    .....      Rage     1%  y - +6 ring of dexterity
Stlth   +.........              G - +4 ring of protection
HPRegen 0.25/turn               (no ring)
MPRegen 0.18/turn               (no ring)
                                (no ring)
                                (no ring)

@: about to teleport, protected from physical damage, hasted, studying
Crossbows, repel missiles, very quick
A: almost no armour, amphibious, 8 rings, camouflage 1, gelatinous body 1,
(nimble swimmer 1), tentacles, tentacle spike 1, agile 1, berserk 1, strong 1,
no potion heal 1, [deterioration 2]
a: Renounce Religion, Upheaval, Elemental Force, Disaster Area


You were on level 2 of the Abyss.
You worshipped Qazlal.
Qazlal was exalted by your worship.
You visited 2 branches of the dungeon, and saw 16 of its levels.
You visited the Abyss 1 time.

You collected 907 gold pieces.


Innate Abilities, Weirdness & Mutations

You cannot wear most types of armour.
You are amphibious.
You can wear up to eight rings at the same time.
Your skin changes colour to match your surroundings (Stealth+).
Your rubbery body absorbs attacks. (AC +1, EV +1)
((You are camouflaged when in or above water. (Stealth+)))
You have tentacles for arms and can constrict up to eight enemies at once.
One of your tentacles bears a spike.
You are agile. (Dex +2)
You tend to lose your temper in combat.
Your muscles are strong. (Str +2)
Potions are less effective at restoring your health.
[Your body often deteriorates upon taking damage.]


   Skills:
 * Level 10.1 Fighting
 + Level 13.2 Polearms
 * Level 13.2 Dodging
 - Level 3.0 Shields
 + Level 1.2 Spellcasting
 + Level 2.6 Hexes
 - Level 7.0 Summonings
 + Level 2.0 Ice Magic
 - Level 7.0 Air Magic


You had 2 spell levels left.
You knew the following spells:

 Your Spells              Type           Power      Damage    Failure   Level
a - Summon Lightning Spi  Summ/Air       13%        N/A       9%          4
b - Airstrike             Air            6%         N/A       9%          4
c - Summon Ice Beast      Ice/Summ       8%         N/A       22%         4

Your spell library contained the following spells:

 Spells                   Type           Power      Damage    Failure   Level
 Freeze                   Ice            16%        1d4       6%          1
 Ensorcelled Hibernation  Hex/Ice        8%         N/A       9%          2
 Apportation              Tloc           0%         N/A       16%         1
 Passwall                 Tmut/Erth      0%         N/A       22%         2
 Call Canine Familiar     Summ           13%        N/A       2%          3
 Swiftness                Air            13%        N/A       2%          3
 Frozen Ramparts          Ice            8%         1d2       19%         3
 Portal Projectile        Hex/Tloc       4%         N/A       26%         3
 Summon Mana Viper        Hex/Summ       9%         N/A       45%         5
 Leda's Liquefaction      Hex/Erth       1%         N/A       61%         4
 Hailstorm                Conj/Ice       2%         3d3       65%         4
 Ice Form                 Ice/Tmut       2%         N/A       65%         4
 Lightning Bolt           Conj/Air       3%         1d14      65%         5
 Summon Forest            Summ/Tloc      3%         N/A       65%         5
 Summon Cactus Giant      Summ           6%         N/A       75%         6
 Alistair's Intoxication  Tmut/Pois      0%         N/A       98%         5

Inventory:

Hand Weapons
 a - a +0 trident {polearm}
 c - a +6 scythe of freezing (weapon) {polearm}
   (You took it off Sigmund on level 2 of the Dungeon)
 w - a +2 whip of electrocution {mace}
   (You took it off Pikel on level 5 of the Dungeon)
 R - the +5 war axe of Valiance {freeze, +Blink rN+ Int-5 Dex+2, axe}
   (You found it on level 1 of the Lair of Beasts)

   It freezes those it strikes, dealing additional cold damage.
   It can also slow down cold-blooded creatures.
   Int:       It affects your intelligence (-5).
   Dex:       It affects your dexterity (+2).
   rN:        It protects you from negative energy.
   +Blink:    It lets you blink.
Missiles
 d - 6 boomerangs {throwing}
 e - 461 stones (quivered) {throwing}
 n - 6 javelins {throwing}
 s - 21 poisoned darts {throwing}
 v - 4 throwing nets {=f!fthrowing}
 Q - 5 silver javelins {throwing}
 T - 2 curare-tipped darts {=fthrowing}
Armour
 l - a +0 robe
   (You took it off Sigmund on level 2 of the Dungeon)
Magical Staves
 b - a staff of earth {!astaff}
   (You found it on level 2 of the Dungeon)
 m - a staff of cold {!astaff}
   (You found it on level 4 of the Dungeon)
 p - a staff of cold {!astaff}
   (You found it on level 4 of the Dungeon)
 t - a staff of air {!astaff}
   (You found it on level 3 of the Dungeon)
 E - a staff of cold {!astaff}
   (You found it on level 3 of the Lair of Beasts)
 K - a staff of fire {!astaff}
   (You found it on level 10 of the Dungeon)
Jewellery
 j - a ring of magical power (left tentacle)
   (You found it on level 3 of the Dungeon)
 o - a ring of wizardry (right tentacle)
   (You found it on level 3 of the Dungeon)
 u - an amulet of the acrobat (around mantle)
   (You found it on level 3 of the Dungeon)
 y - a +6 ring of dexterity (on tentacle)
   (You found it on level 4 of the Dungeon)
 C - a ring of fire
   (You found it on level 5 of the Dungeon)
 G - a +4 ring of protection (on tentacle)
   (You found it on level 6 of the Dungeon)
 P - a ring of positive energy
   (You found it on level 10 of the Dungeon)
Wands
 h - a wand of acid (5)
   (You found it on level 3 of the Lair of Beasts)
 r - a wand of polymorph (10)
   (You took it off Ijyb on level 3 of the Dungeon)
 B - a wand of iceblast (7)
   (You found it on level 5 of the Dungeon)
 H - a wand of paralysis (5)
   (You found it on level 6 of the Dungeon)
 L - a wand of flame (14)
   (You found it on level 3 of the Lair of Beasts)
Scrolls
 g - 4 scrolls of amnesia
 k - 3 scrolls of teleportation {@r4}
 x - 7 scrolls of fog
 F - 3 scrolls of magic mapping {!r}
 I - a scroll of silence {!r}
 J - a scroll of torment {!r}
 M - 2 scrolls of noise {!r}
 S - 3 scrolls of identify {@r1}
 U - a scroll of summoning {unknown}
Potions
 f - 4 potions of attraction {!q}
 i - 6 potions of flight
 q - a potion of cancellation
 z - 2 potions of degeneration {!q@e2}
 A - a potion of curing {@q1}
 N - a potion of resistance
 O - a potion of ambrosia
 V - a potion of lignification {!q}
 W - a potion of haste {@q3}
 X - 2 potions of mutation {!q}
Miscellaneous
 D - a piece from Xom's chessboard (15/15)
   (You found it on level 5 of the Dungeon)

Dungeon Overview and Level Annotations

Branches:
Dungeon (11/15)            Temple (0/1) D:7            Lair (6/6) D:10
 Shoals (0/4) Lair:2       Spider (0/4) Lair:3
  Slime: Lair:5-6       Orc: D:9-12

Altars:
Hepliaklqana
Kikubaaqudgha
Nemelex Xobeh
Okawaru
Qazlal
Yredelemnul

Shops:
D:3 (

Annotations:
D:7 1 runed translucent door, Crazy Yiuf
D:10 2 runed translucent doors, avis's ghost, novice HOMo

.+##.#. §..
.....##§. ......§
.....# .... # #°°#
.##..##°.##
......○@§☼## ###
......☼§R*.###..#.
.##..##..#°.§#....#
#..##..##.##. . #.#
.. ......#.##.. ..
..........# #....#
. #..##..###○##.#
.##.. #..#. .#..#
..... ... .. ###.#


You could see a wretched star and an efreet.


Message History

You constrict the caustic shrike zombie.
The caustic shrike zombie closely misses you.
The caustic shrike zombie barely misses you.
Your ice beast closely misses the caustic shrike zombie.
You hit the caustic shrike zombie.
You constrict the caustic shrike zombie.
The caustic shrike zombie claws you!
* * * LOW HITPOINT WARNING * * *
Your body deteriorates!
You feel dopey. The caustic shrike zombie claws you.
* * * LOW HITPOINT WARNING * * *
Your ice beast barely misses the caustic shrike zombie. 😨 HP[-16]
You take 16 damage, and now have 28/92 hp.
Unknown command.
Unknown command.
You feel yourself speed up.
You constrict the caustic shrike zombie.
You block the caustic shrike zombie's attack.
The caustic shrike zombie claws you but does no damage.
Your ice beast closely misses the caustic shrike zombie. 😨 MP[+1] Unknown command.
As you read the scroll of teleportation {@r4}, it crumbles to dust.
You feel strangely unstable.
You feel the power of the Abyss delaying your translocation!
You constrict the caustic shrike zombie.
You block the caustic shrike zombie's attack.
Your ice beast hits the caustic shrike zombie.
Your ice beast freezes the caustic shrike zombie.
The caustic shrike zombie completely resists.
The caustic shrike zombie claws you but does no damage.
Unknown command.
You release your grip on the caustic shrike zombie.
Your ice beast hits the caustic shrike zombie.
Your ice beast freezes the caustic shrike zombie.
The caustic shrike zombie resists.
Your ice beast disappears in a puff of smoke!
A wretched star comes into view. 😨 HP[+1] Unknown command.
Unknown command.
You hit the caustic shrike zombie. You grab the caustic shrike zombie.
You pierce the caustic shrike zombie, but do no damage.
You constrict the caustic shrike zombie.
The caustic shrike zombie misses you.
The wretched star is engulfed in blazing flames.
The caustic shrike zombie misses you.
You barely miss the caustic shrike zombie.
You tentacle-slap the caustic shrike zombie, but do no damage.
You squeeze the caustic shrike zombie!
You constrict the caustic shrike zombie, but do no damage.
You block the caustic shrike zombie's attack.
The wretched star is engulfed in blazing flames.
Unknown command.
Unknown command.
Unknown command.
You closely miss the caustic shrike zombie.
You squeeze the caustic shrike zombie!
You constrict the caustic shrike zombie.
You block the caustic shrike zombie's attack.
The caustic shrike zombie completely misses you.
The wretched star is engulfed in blazing flames.
The wretched star pulses with an eldritch light!
Unknown command.
Unknown command.
Unknown command.
You completely miss the caustic shrike zombie.
You squeeze the caustic shrike zombie, but do no damage.
You constrict the caustic shrike zombie.
You destroy the caustic shrike zombie!
That felt strangely unrewarding. 😨 MP[+1]
The efreet gestures at you.
The fireball explodes!
The fireball engulfs you!!
Your resistance to physical damage fades away.
You feel protected from fire.
* * * LOW HITPOINT WARNING * * *
Your body deteriorates!
You feel weakened.
You hear a sizzling sound!
The wretched star is engulfed in blazing flames. 😱 HP[-18]
You take 18 damage, and now have 11/92 hp.
Unknown command.
Your system partially rejects the healing.
You feel better. 😱 HP[+4]
You regained 4 hp, and now have 15/92 hp.
Unknown command.
Your system partially rejects the healing.
You feel better.
The wretched star glows turbulently.
The lance of force hits you!
Your resistance to fire fades away.
You feel protected from physical attacks.
* * * LOW HITPOINT WARNING * * *
Your body deteriorates!
You feel dopey.
You are knocked back by the lance of force.
You slam into the crystal wall!
You die...

Skill      XL: |  1  2  3  4  5  6  7  8  9 10 11 12 13 |
---------------+----------------------------------------+-----
Fighting       | 4 5 7 8 9 10 | 10.1
Dodging        | 4 7 9 10 12 13 | 13.2
Polearms       | 4 6 10 11 12 13 | 13.2
Summonings     | 3 4 6 7 |  7.0
Air Magic      | 3 5 6 7 |  7.0
Hexes          | 2 |  2.6
Ice Magic      | 2 |  2.0
Spellcasting   | 1 |  1.2
Shields        | |  3.0

Action                   |  1- 3 |  4- 6 |  7- 9 | 10-12 | 13-15 || total
-------------------------+-------+-------+-------+-------+-------++-------
Melee: Trident           |    50 |       |       |       |       ||    50
       Tentacles         |     6 |     5 |    21 |    78 |    23 ||   133
       Constrict         |     6 |     8 |    36 |    52 |    11 ||   113
       Punch             |     1 |       |     2 |     7 |     2 ||    12
       Unarmed           |     3 |    14 |       |       |       ||    17
       Scythe            |       |    41 |   201 |   365 |    91 ||   698
       Kick              |       |       |       |       |    15 ||    15
Throw: Stone             |     1 |    58 |   150 |   165 |    13 ||   387
 Cast: Summon Lightning  |       |       |       |    28 |    48 ||    76
       Airstrike         |       |       |       |     7 |     5 ||    12
       Summon Ice Beast  |       |       |       |       |    18 ||    18
Evoke: Wand              |       |       |       |     4 |       ||     4
       Piece from Xom's  |       |       |       |       |     2 ||     2
  Use: Potion            |     6 |       |     9 |     8 |     4 ||    27
       Scroll            |       |     5 |     3 |     8 |     5 ||    21
 Stab: Sleeping          |     3 |       |       |       |       ||     3
       Confused          |     1 |     1 |       |       |       ||     2
       Invisible         |       |       |       |     2 |       ||     2
       Paralysed         |       |       |       |     5 |       ||     5
       Distracted        |       |       |       |     6 |     6 ||    12
Armor: Skin              |     3 |     8 |    29 |    47 |    15 ||   102
Dodge: Dodged            |    35 |    45 |   135 |   268 |   153 ||   636
       Repelled          |       |       |       |     1 |     1 ||     2
Block: Buckler           |     8 |       |       |       |       ||     8
       Other             |       |     3 |    27 |   100 |    67 ||   197

Levels and vault maps discovered:
D:1:      lemuel_arrival_room, layout_basic, shapermc_ecumenical_altar_pompeii
D:2:      layout_basic, kennysheep_flooded_box, uniq_sigmund
D:3:      layout_rooms, serial_shops, nicolae_square_shop, minmay_ruptured,
          uniq_grinder, uniq_natasha, uniq_ijyb
D:4:      layout_basic, nemelex_xobeh_ov_fountains_minmay,
          minmay_misc_feat_five, nzn_random_ring
D:5:      layout_rooms, lemuel_round_altar, hellmonk_bongcloud_opening,
          uniq_pikel
D:6:      layout_gridville, kennysheep_generic_room_4
D:7:      nicolae_cairo_tiling_very_big, layout_gridville,
          mainiacjoe_overflow_brackets, minmay_temple_entry_hall, st_stairs_12,
          uniq_crazy_yiuf_cottage, uniq_prince_ribbit1
D:8:      layout_loops_ring
D:9:      layout_loops_ring, nicolae_qazlal_scattered_showers
D:10:     layout_cave_pools, kennysheep_vampire_church,
          grunt_lair_entry_orc_guard_hut, muffindrake_ghost_dual_entry,
          uniq_urug
D:11:     layout_long_grid, hiddenorc1_lemuel, serial_bayou,
          serial_bayou_pond_c, serial_bayou_pond_b, serial_bayou_pond_c,
          serial_bayou_shore_b, chequers_serial_rivers_micro_b, uniq_lodul
Lair:1:   layout_long_grid
Lair:2:   layout_gridlike, minmay_shoals_entry_beasts, minivault_23,
          minivault_19, chequers_serial_rivers_small_b,
          infiniplex_staircase_pool_2
Lair:3:   layout_chaotic_city, nicolae_spider_entry_tight_spaces, pond,
          grunt_megastairs_5, infiniplex_staircase_pool
Lair:4:   layout_roguey, nicolae_volcano_entry_two_sided, lemuel_fruit_tree
Lair:6:   evil_forest, layout_misc_corridors, minmay_slime_entry_oklob_enclosed,
          minmay_shattered_shrine, grunt_megastairs_1
Abyss:2:  base:
Lair:3

Notes
Turn   | Place    | Note
-------+----------+-------------------------------------------
     0 | D:1      | spaghetti the Octopode Fighter began the quest for the Orb.
     0 | D:1      | Reached XP level 1. HP: 16/16 MP: 1/1
     0 | D:1      | magus.rc [v1.9.6]
    74 | D:1      | HP: 4/16 [constriction (1)]
    76 | D:1      | HP: 1/16 [constriction (1)]
   539 | D:1      | Reached XP level 2. HP: 18/21 MP: 2/2
   857 | D:1      | Reached skill level 4 in Fighting
   992 | D:1      | Found a faded altar of an unknown god.
  1001 | D:1      | Prayed at the altar of an unknown god.
  1001 | D:1      | Became a worshipper of Qazlal Stormbringer
  1001 | D:1      | Reached * piety under Qazlal
  1087 | D:2      | Reached XP level 3. HP: 23/27 MP: 3/3
  1175 | D:2      | You pick up a book of Burglary and begin reading...
  1175 | D:2      | You add the spells Passwall, Ensorcelled Hibernation and
                  | Swiftness to your library.
  1262 | D:2      | Found a basalt altar of Yredelemnul.
  1302 | D:2      | You pick up a book of Party Tricks and begin reading...
  1302 | D:2      | You add the spells Apportation and Alistair's Intoxication
                  | to your library.
  1381 | D:2      | Noticed Sigmund
  1392 | D:3      | Noticed Ijyb
  1398 | D:3      | Killed Ijyb
  1399 | D:3      | Reached XP level 4. HP: 31/34 MP: 4/4
  1408 | D:2      | Killed Sigmund
  1409 | D:2      | Reached skill level 5 in Fighting
  1409 | D:2      | Reached skill level 4 in Dodging
  1409 | D:2      | Reached XP level 5. HP: 36/39 MP: 5/5
  1457 | D:2      | Reached XP level 6. HP: 45/45 MP: 6/6
  2187 | D:3      | Reached ** piety under Qazlal
  2241 | D:3      | Found Dimn's Antique Weapon Emporium.
  2247 | D:3      | Noticed Natasha
  2252 | D:3      | Killed Natasha
  2334 | D:3      | Noticed Natasha
  2338 | D:3      | Killed Natasha
  2339 | D:3      | Reached skill level 3 in Polearms
  2376 | D:3      | Noticed Grinder
  2382 | D:3      | Killed Grinder
  2383 | D:3      | Reached skill level 4 in Polearms
  2383 | D:3      | Reached XP level 7. HP: 42/50 MP: 7/7
  2398 | D:3      | Noticed Natasha
  2400 | D:3      | Killed Natasha
  2401 | D:3      | Reached skill level 5 in Polearms
  2835 | D:4      | Reached skill level 6 in Polearms
  3417 | D:4      | Reached XP level 8. HP: 55/55 MP: 8/8
  3420 | D:4      | Reached skill level 7 in Polearms
  3497 | D:4      | Reached *** piety under Qazlal
  3718 | D:4      | Found a sparkling altar of Nemelex Xobeh.
  4267 | D:5      | Entered Level 5 of the Dungeon
  4286 | D:5      | Reached skill level 8 in Polearms
  4530 | D:5      | Identified a +1 robe of the Archmagi
  4530 | D:5      | Noticed Pikel
  4547 | D:5      | Killed Pikel
  4548 | D:5      | Reached skill level 10 in Polearms
  4548 | D:5      | Reached XP level 9. HP: 55/61 MP: 9/9
  4818 | D:5      | Reached skill level 5 in Dodging
  4832 | D:5      | Found a hazy altar of Hepliaklqana.
  5138 | D:6      | Reached skill level 6 in Dodging
  5304 | D:6      | Reached **** piety under Qazlal
  5846 | D:7      | Found a runed translucent door.
  5847 | D:7      | Noticed Crazy Yiuf
  5907 | D:7      | Reached skill level 7 in Dodging
  6461 | D:7      | Reached XP level 10. HP: 30/68 MP: 10/10
  6684 | D:7      | Noticed Prince Ribbit
  6690 | D:7      | Reached skill level 11 in Polearms
  6691 | D:7      | Killed Prince Ribbit
  6692 | D:7      | Reached skill level 6 in Fighting
  6796 | D:7      | You pick up a book of Storms and begin reading...
  6796 | D:7      | You add the spells Airstrike, Summon Lightning Spire and
                  | Lightning Bolt to your library.
  6916 | D:7      | Found an iron altar of Okawaru.
  6933 | D:7      | Reached skill level 8 in Dodging
  6949 | D:7      | Found a staircase to the Ecumenical Temple.
  7285 | D:8      | Reached skill level 1 in Summonings
  7287 | D:8      | Reached skill level 1 in Air Magic
  7973 | D:8      | Reached ***** piety under Qazlal
  8108 | D:8      | Learned a level 4 spell: Summon Lightning Spire
  8113 | D:8      | Learned a level 4 spell: Airstrike
  9194 | D:9      | Found a stormy altar of Qazlal.
  9330 | D:9      | Reached skill level 2 in Summonings
  9330 | D:9      | Reached skill level 2 in Air Magic
  9388 | D:9      | Reached skill level 9 in Dodging
  9570 | D:9      | Reached skill level 3 in Summonings
  9570 | D:9      | Reached skill level 3 in Air Magic
  9571 | D:9      | Reached skill level 7 in Fighting
  9571 | D:9      | Reached XP level 11. HP: 44/75 MP: 11/11
  9968 | D:9      | Noticed a two-headed ogre
  9974 | D:9      | Killed a two-headed ogre
 10411 | D:10     | Entered Level 10 of the Dungeon
 10436 | D:10     | HP: 16/75 [acid dragon/splash of acid (19)]
 10882 | D:10     | Noticed Urug
 10899 | D:10     | Killed Urug
 10900 | D:10     | Reached skill level 10 in Dodging
 10900 | D:10     | Reached skill level 4 in Summonings
 10900 | D:10     | Reached skill level 4 in Air Magic
 11450 | D:10     | You pick up a book of the Wilderness and begin reading...
 11450 | D:10     | You add the spells Summon Forest, Summon Mana Viper and
                  | Summon Cactus Giant to your library.
 11488 | D:10     | You pick up a book of Storms and begin reading...
 11532 | D:10     | Noticed a necromancer
 11533 | D:10     | Noticed a lich
 11533 | D:10     | Noticed an ogre mage
 11534 | D:10     | Noticed a skeletal warrior
 11534 | D:10     | Noticed a manticore
 11534 | D:10     | Noticed avis's ghost (novice HOMo)
 11731 | D:10     | Found an ancient bone altar of Kikubaaqudgha.
 11781 | D:10     | Found a staircase to the Lair.
 11845 | D:10     | Found a runed translucent door.
 11858 | D:10     | Found a runed translucent door.
 11976 | D:11     | Reached skill level 12 in Polearms
 12087 | Lair:1   | Entered Level 1 of the Lair of Beasts
 12230 | Lair:1   | Reached skill level 8 in Fighting
 12366 | Lair:1   | Identified the +5 war axe of Valiance {freeze, +Blink rN+
                  | Int-5 Dex+2}
 12547 | Lair:1   | Noticed a seven-headed hydra
 12558 | Lair:1   | Killed a 12-headed hydra
 12559 | Lair:1   | Reached skill level 5 in Air Magic
 12559 | Lair:1   | Reached XP level 12. HP: 82/82 MP: 12/12
 12689 | Lair:1   | Reached skill level 5 in Summonings
 12707 | Lair:1   | You pick up a book of Frost and begin reading...
 12707 | Lair:1   | You add the spells Freeze, Frozen Ramparts and Hailstorm to
                  | your library.
 12719 | Lair:1   | Reached skill level 11 in Dodging
 13612 | Lair:2   | Reached ****** piety under Qazlal
 14048 | Lair:2   | Reached skill level 6 in Air Magic
 14181 | Lair:2   | HP: 19/84 [manticore/volley of spikes (8)]
 14184 | Lair:2   | Reached skill level 6 in Summonings
 14500 | Lair:2   | Found a staircase to the Shoals.
 14778 | Lair:3   | Reached skill level 12 in Dodging
 14785 | Lair:3   | Reached skill level 9 in Fighting
 14787 | Lair:3   | Gained mutation: Your mind is acute. (Int +2) [potion of
                  | mutation]
 14787 | Lair:3   | Gained mutation: You are frail. (-10% HP) [potion of
                  | mutation]
 14787 | Lair:3   | Gained mutation: Your muscles are strong. (Str +2) [potion
                  | of mutation]
 14787 | Lair:3   | Gained mutation: You passively map a small area around you.
                  | [potion of mutation]
 15324 | Lair:3   | Reached XP level 13. HP: 79/81 MP: 12/13
 15511 | Lair:3   | Found a hole to the Spider Nest.
 15706 | Lair:3   | Reached skill level 13 in Polearms
 16001 | Lair:3   | Reached skill level 1 in Hexes
 16189 | Lair:3   | Reached skill level 7 in Air Magic
 16460 | Lair:3   | You pick up a book of Rime and begin reading...
 16460 | Lair:3   | You add the spells Ice Form and Summon Ice Beast to your
                  | library.
 16466 | Lair:3   | Learned a level 4 spell: Summon Ice Beast
 16693 | Lair:3   | Lost mutation: Your mind is acute. (Int +2) [potion of
                  | mutation]
 16693 | Lair:3   | Lost mutation: You passively map a small area around you.
                  | [potion of mutation]
 16693 | Lair:3   | Lost mutation: You are frail. (-10% HP) [potion of
                  | mutation]
 16693 | Lair:3   | Gained mutation: One of your tentacles bears a spike.
                  | [potion of mutation]
 16693 | Lair:3   | Gained mutation: You tend to lose your temper in combat.
                  | [potion of mutation]
 16693 | Lair:3   | Gained mutation: Potions are less effective at restoring
                  | your health. [potion of mutation]
 16693 | Lair:3   | Gained mutation: You are agile. (Dex +2) [potion of
                  | mutation]
 16769 | Lair:4   | Reached skill level 7 in Summonings
 16963 | Lair:4   | Reached skill level 2 in Hexes
 16963 | Lair:4   | Reached skill level 1 in Ice Magic
 17158 | Lair:4   | Reached skill level 13 in Dodging
 17379 | Lair:4   | You pick up a book of the Hunter and begin reading...
 17379 | Lair:4   | You add the spells Call Canine Familiar, Portal Projectile
                  | and Leda's Liquefaction to your library.
 18028 | Lair:4   | You fall into a shaft and drop 2 floors!
 18028 | Lair:6   | Entered Level 6 of the Lair of Beasts
 18206 | Lair:6   | Reached skill level 10 in Fighting
 18206 | Lair:6   | Reached skill level 1 in Spellcasting
 18415 | Lair:6   | Reached skill level 2 in Ice Magic
 18452 | Lair:6   | You are cast into the Abyss!
 18452 | Lair:6   | Cast into level 2 of the Abyss (a wizard)
 18481 | Abyss:2  | Noticed a tentacled starspawn
 18498 | Abyss:2  | Killed a tentacled starspawn
 18577 | Abyss:2  | Noticed a tentacled starspawn
 18637 | Abyss:2  | HP: 11/92 [efreet/fireball (19)]
 18639 | Abyss:2  | HP: 1/92 [wretched star/lance of force (17)]
 18639 | Abyss:2  | Collided with a crystal wall

Vanquished Creatures
  A tentacled starspawn (Abyss:2)
  A caustic shrike zombie (Abyss:2)
  A hydra (Lair:1)
  A two-headed ogre (D:9)
  Urug (D:10)
  Pikel (D:5)
  A manticore (Lair:2)
  3 black mambas
  6 elephants (Lair:2)
  A torpor snail (Lair:3)
  A gargoyle (D:11)
  5 cane toads
  2 rime drakes (Lair:6)
  5 komodo dragons
  A troll (D:10)
  21 blink frogs
  A wind drake (Lair:2)
  Grinder (D:3)
  Prince Ribbit (D:7)
  A hornet (D:10)
  A dream sheep (Lair:4)
  A large abomination (Abyss:2)
  2 jumping spiders (Lair:3)
  Sigmund (D:2)
  25 yaks
  3 wraiths
  2 basilisks (Lair:1)
  3 steam dragons
  A wyvern (D:10)
  3 redbacks (Lair:3)
  4 vampire mosquitoes (Lair:3)
  8 water moccasins
  2 acid dragons (D:10)
  3 black bears
  4 ogres
  6 orc warriors
  3 sky beasts
  4 centaurs
  5 wolves (Lair:4)
  A kobold brigand (D:8)
  A phantom (D:5)
  A lemure (D:5)
  2 nameless horrors
  13 bullfrogs
  A gnoll sergeant (D:9)
  3 scorpions
  8 wights
  6 killer bees (D:7)
  A howler monkey (D:8)
  2 vampire bats (D:10)
  A gnoll shaman (D:5)
  7 orc priests
  4 hounds
  Ijyb (D:3)
  2 iguanas
  Natasha (thrice) (D:3)
  13 orc wizards
  12 gnolls
  9 adders
  A shadow imp (D:7)
  An ufetubus (D:5)
  3 worms
  3 dart slugs
  43 orcs
  2 bat skeletons (D:10)
  2 bat zombies (D:10)
  6 endoplasms
  3 giant cockroaches (D:4)
  5 goblins
  8 hobgoblins
  13 jackals
  10 kobolds
  3 quokkas
  12 ball pythons
  7 bats
  3 frilled lizards
  7 rats
360 creatures vanquished.

Vanquished Creatures (collateral kills)
  A sixfirhy (Lair:6)
  A swamp dragon (Lair:3)
  A cane toad (Lair:3)
  2 komodo dragons
  2 rime drakes (Lair:4)
  7 blink frogs
  3 dream sheep (Lair:4)
  A jumping spider (Lair:3)
  12 yaks
  A basilisk (Lair:3)
  A swamp drake (Lair:3)
32 creatures vanquished.

Vanquished Creatures (others)
  An orc (D:9)
  2 bushes (Lair:4)
  36 fungi
  39 plants
  3 starspawn tentacles (Abyss:2)
81 creatures vanquished.

Grand Total: 473 creatures vanquished

Table legend:
 A = Non-vault XP
 B = Vault XP
 C = Vault XP percentage of total XP
 D = Non-vault monster count
 E = Vault monster count
 F = Vault count percentage of total count
                 A         B        C        D         E       F
            +---------+---------+-------+---------+---------+-------
      Total |   36694 |   10850 |  22.8 |     320 |      69 |  17.7
            +---------+---------+-------+---------+---------+-------
        D:1 |      30 |       0 |   0.0 |      17 |       0 |   0.0
        D:2 |      46 |     223 |  82.9 |      18 |       1 |   5.3
        D:3 |     222 |     357 |  61.7 |      17 |       6 |  26.1
        D:4 |     251 |     340 |  57.5 |      30 |      20 |  40.0
        D:5 |     657 |     641 |  49.4 |      20 |       1 |   4.8
        D:6 |     872 |      42 |   4.6 |      22 |       1 |   4.3
        D:7 |    1148 |     351 |  23.4 |      17 |       2 |  10.5
        D:8 |    1319 |       0 |   0.0 |      36 |       0 |   0.0
        D:9 |    4388 |       0 |   0.0 |      32 |       0 |   0.0
       D:10 |    2738 |    1434 |  34.4 |      13 |      12 |  48.0
       D:11 |     606 |       0 |   0.0 |       2 |       0 |   0.0
     Lair:1 |    3965 |       0 |   0.0 |      15 |       0 |   0.0
     Lair:2 |    7334 |     824 |  10.1 |      22 |       2 |   8.3
     Lair:3 |    6553 |    4553 |  41.0 |      30 |      19 |  38.8
     Lair:4 |    6565 |       0 |   0.0 |      26 |       0 |   0.0
     Lair:6 |       0 |    2085 | 100.0 |       0 |       5 | 100.0
    Abyss:2 |       0 |       0 |   N/A |       3 |       0 |   0.0
            +---------+---------+-------+---------+---------+-------

Illustrated notes

Table legend:
 A = Kills in this place as a percentage of kills in entire the game.
 B = Kills by you in this place as a percentage of kills by you in the entire game.
 C = Kills by friends in this place as a percentage of kills by friends in the entire game.
 D = Other kills in this place as a percentage of other kills in the entire game.
 E = Experience gained in this place as a percentage of experience gained in the entire game.
 F = Experience gained in this place divided by the number of levels of this place that you have seen.
                   A       B       C       D       E      F
               +-------+-------+-------+-------+-------+----------------------
         Total | 100.0 | 100.0 | 100.0 |   N/A | 100.0 | 2796.7
       Dungeon |  68.6 |  74.8 |   0.0 |   N/A |  32.9 | 1424.1
          Lair |  30.6 |  24.4 | 100.0 |   N/A |  67.1 | 6375.8
         Abyss |   0.8 |   0.8 |   0.0 |   N/A |   0.0 |   0.0
               +-------+-------+-------+-------+-------+----------------------

Table legend: (Time is in decaauts)
 A = Elapsed time spent in this place.
 B = Non-inter-level travel time spent in this place.
 C = Inter-level travel time spent in this place.
 D = Time resting spent in this place.
 E = Time spent auto-exploring this place.
 F = Levels seen in this place.
 G = Mean time per level.
                   A        B        C        D        E       F      G
               +--------+--------+--------+--------+--------+-----+--------+
         Total |  19036 |  18423 |    613 |   5901 |   9681 |  17 | 1119.8 |
       Dungeon |  12393 |  11966 |    427 |   3997 |   6234 |  11 | 1126.6 |
          Lair |   6454 |   6268 |    186 |   1876 |   3447 |   5 | 1290.8 |
         Abyss |    188 |    188 |      0 |     28 |      0 |   1 |  188.0 |
               +--------+--------+--------+--------+--------+-----+--------+

Top non-repeatable levels by time:
     D:9: 2301 daAuts
  Lair:3: 1789 daAuts
  Lair:2: 1682 daAuts
     D:8: 1530 daAuts
     D:7: 1529 daAuts
     D:4: 1373 daAuts
  Lair:4: 1281 daAuts
  Lair:1: 1275 daAuts
     D:1: 1083 daAuts
    D:10: 1069 daAuts
     D:3: 1064 daAuts
     D:2: 852 daAuts
     D:6: 816 daAuts
     D:5: 759 daAuts
  Lair:6: 426 daAuts
